 Dungeon Crawl Stone Soup version 0.29.1-2-gbd0b4ee654 (webtiles) character file.

Game seed: 15387870838144734361

93 Ihaveafatcat the Chopper (level 4, -3/40 HPs)
             Began as a Hill Orc Fighter on Nov 18, 2022.
             Slain by a worm (9 damage)
             ... on level 2 of the Dungeon.
             The game lasted 00:02:11 (1764 turns).

Ihaveafatcat the Chopper (Hill Orc Fighter)         Turns: 1764, Time: 00:02:11

Health: -3/40      AC:  7    Str: 20    XL:     4   Next: 61%
Magic:  4/4        EV:  9    Int:  8    God:
Gold:   150        SH:  4    Dex: 10    Spells: 3/3 levels left

rFire   . . .      SeeInvis .   a - +0 war axe
rCold   . . .      Faith    .   c - +0 buckler
rNeg    . . .      Spirit   .   b - +0 scale mail
rPois   .          Reflect  .   (no helmet)
rElec   .          Harm     .   (no cloak)
rCorr   .          Rampage  .   (no gloves)
Will    .....                   (no boots)
Stlth   ..........              (no amulet)
HPRegen 0.13/turn               (no ring)
MPRegen 0.09/turn               (no ring)

@: mighty, slowed, very slow
A: no striking features
a: no special abilities


You were on level 2 of the Dungeon.
You visited 1 branch of the dungeon, and saw 2 of its levels.

You collected 150 gold pieces.

Inventory:

Hand Weapons
 a - a +0 war axe (weapon)
Armour
 b - a +0 scale mail (worn)
 c - a +0 buckler (worn)
Jewellery
 j - a ring of protection from fire
Scrolls
 k - a scroll of identify {unknown}
Potions
 d - 2 potions of might
 e - a potion of invisibility {unknown}
 f - 2 potions of cancellation {unknown}
 h - 3 potions of curing {unknown}
 i - a potion of flight {unknown}


   Skills:
 + Level 4.1 Fighting
 + Level 4.5 Axes
 + Level 3.8 Armour
 + Level 0.9 Dodging
 + Level 3.7 Shields


You had 3 spell levels left.
You didn't know any spells.
Your spell library contained the following spells:

 Spells                   Type           Power      Damage    Failure   Level
 Magic Dart               Conj           0%         1d3       85%         1
 Searing Ray              Conj           0%         2d4       94%         2
 Fulminant Prism          Conj/Hex       0%         3d6       100%        4


Dungeon Overview and Level Annotations

Branches:
Dungeon (2/15)

Altars:

Annotations:
D:2 1 runed translucent door, Crazy Yiuf, Natasha


Message History

Natasha is almost dead.
Natasha casts a spell at you.
You feel as though you will be slow longer.
Natasha wildly gestures.
Natasha shimmers violently.
Natasha zaps a wand.
You block the puff of flame.
Your surroundings suddenly seem different.
A goblin, a bat and a ball python come into view.
Found a scroll labelled KOR ROBLOH, a copper ring and a leather armour.
Found a stone staircase leading down.
The goblin shouts!
The ball python hisses angrily.
The bat closely misses you.
A worm comes into view.
You block the bat's attack. You block the bat's attack.
The bat barely misses you. The goblin barely misses you.
The bat hits you but does no damage. The goblin hits you with a +0 club.
* * * LOW HITPOINT WARNING * * *
You see here a scroll labelled KOR ROBLOH.
You feel very mighty all of a sudden. The bat barely misses you.
The ball python closely misses you. You block the ball python's attack.
The goblin closely misses you. The ball python misses you.
The ball python barely misses you. The goblin closely misses you.
You are too injured to fight recklessly!
You are too injured to fight recklessly!
You are too injured to fight recklessly!
The bat closely misses you.
The ball python bites you but does no damage.
You block the ball python's attack. The goblin barely misses you.
The ball python closely misses you. The ball python grabs you.
The ball python constricts you. The bat hits you but does no damage.
You slash the goblin!
You kill the goblin!
You slash the ball python!
You kill the ball python!
You slash the bat!
You kill the bat!
The worm bites you!
You die...

########
##......##
##........##
#..........#
#..........#
#..........#
#..........#
#.?.†......# #
##.@......##
######
#=..w......#
......
#>...........#
#####.
#..#..........#
######
#.#.[.........#
.....#
...............#
######
#######.......##
# #.......#
##♣♣♣♣♣


You could see a worm.

Vanquished Creatures
  Natasha (D:2)
  2 adders (D:2)
  A dart slug (D:2)
  2 endoplasms
  2 giant cockroaches (D:1)
  4 goblins
  11 hobgoblins
  2 quokkas
  5 ball pythons
  2 bats (D:2)
  4 frilled lizards
  A kobold (D:2)
  10 rats
47 creatures vanquished.

Vanquished Creatures (others)
  2 plants (D:1)
2 creatures vanquished.

Grand Total: 49 creatures vanquished

Notes
Turn   | Place    | Note
-------+----------+-------------------------------------------
     0 | D:1      | Ihaveafatcat the Hill Orc Fighter began the quest for the
                  | Orb.
     0 | D:1      | Reached XP level 1. HP: 19/19 MP: 1/1
   163 | D:1      | Found a faded altar of an unknown god.
   245 | D:1      | Reached XP level 2. HP: 27/27 MP: 2/2
   713 | D:1      | Reached XP level 3. HP: 28/33 MP: 3/3
  1088 | D:2      | Identified the +1 ring mail "Zexabips" {rPois}
  1095 | D:2      | Identified the +1 whip "Impbane" {flame, rElec rF+ rC-
                  | Dex+5}
  1184 | D:2      | Found a runed translucent door.
  1185 | D:2      | Noticed Crazy Yiuf
  1309 | D:2      | Noticed Natasha
  1319 | D:2      | Killed Natasha
  1320 | D:2      | Reached XP level 4. HP: 22/40 MP: 4/4
  1746 | D:2      | Noticed Natasha
  1764 | D:2      | Slain by a worm

Illustrated notes

Levels and vault maps discovered:
D:1:      kennysheep_arrival_seaside, layout_rooms,
          shapermc_ecumenical_altar_notcrosses, minmay_rat_gold_closets
D:2:      minmay_chambers_of_ones, layout_rooms, minmay_octomino_c4,
          uniq_natasha, uniq_crazy_yiuf_cottage

Skill      XL: |  1  2  3 |
---------------+----------+-----
Axes           | 3 4 |  4.5
Fighting       | 4 |  4.1
Armour         | |  3.8
Dodging        | |  0.9
Shields        | |  3.7

Action                   |  1- 3 |  4- 6 || total
-------------------------+-------+-------++-------
Melee: War axe           |    93 |    27 ||   120
  Use: Scroll            |       |     1 ||     1
       Potion            |       |     1 ||     1
Armor: Scale mail        |    44 |    12 ||    56
Dodge: Dodged            |    54 |    25 ||    79
Block: Buckler           |    14 |     9 ||    23
